 Dungeon Crawl Stone Soup version 0.27-a0-1280-g9d2d252d84 (webtiles) character file.

Game seed: 14676170626585130690

2705 Glokmah the Tainter (level 9, -1/59 HPs)
             Began as an Octopode Venom Mage on June 13, 2021.
             Was an Initiate of Gozag.
             Slain by an ice beast (7 damage)
             ... on level 7 of the Dungeon.
             The game lasted 00:23:32 (11733 turns).

Glokmah the Tainter (Octopode Venom Mage)          Turns: 11733, Time: 00:23:33

Health: -1/59      AC:  3    Str:  7    XL:     9   Next: 65%
Magic:  1/16       EV: 18    Int: 21    God:    Gozag
Gold:   708        SH:  0    Dex: 12    Spells: 0/17 levels left

rFire    . . .     SeeInvis .   a - staff of poison
rCold    . . .     Faith    .   (no shield)
rNeg     . . .     Spirit   .   o - +2 hat {Will+}
rPois    +         Reflect  .   (no amulet)
rElec    .         Harm     .   n - +4 ring of evasion
rCorr    +         Rampage  .   w - ring of resist corrosion
Will     +....                  (no ring)
Stlth    +++.......             (no ring)
HPRegen  0.19/turn              (no ring)
MPRegen  0.15/turn              (no ring)
                                (no ring)
                                (no ring)

@: no status effects
A: almost no armour, amphibious, 8 rings, camouflage 1, gelatinous body 1,
(nimble swimmer 1), tentacles
a: Renounce Religion, Potion Petition, Call Merchant, Bribe Branch


You were on level 7 of the Dungeon.
You worshipped Gozag.
Gozag was pleased with you.
You visited 2 branches of the dungeon, and saw 8 of its levels.

You collected 783 gold pieces.
You paid 75 gold pieces to Gozag.

Inventory:

Hand Weapons
 b - the +3 spear "Zanimy" {venom, rPois Will+ Stlth+}
   (You took it off a centaur on level 6 of the Dungeon)

   It poisons the flesh of those it strikes.
   It protects you from poison.
   It increases your willpower.
   It makes you more stealthy.
 d - a +0 dagger
Missiles
 m - a throwing net
 v - 43 poisoned darts
 y - a curare-tipped dart
 A - 3 javelins
Armour
 o - a +2 hat of willpower (worn)
Magical Staves
 a - a staff of poison (weapon)
Jewellery
 n - a +4 ring of evasion (left tentacle)
 w - a ring of resist corrosion (right tentacle)
 D - a ring of magical power
Wands
 u - a wand of flame (8)
Scrolls
 e - a scroll of enchant armour
 f - a scroll of teleportation {unknown}
 g - a scroll of fog
 j - a scroll of amnesia
 p - a scroll of noise {unknown}
 q - 2 scrolls of magic mapping {unknown}
 s - 4 scrolls of identify
 B - a scroll of immolation {unknown}
 C - a scroll of brand weapon {unknown}
Potions
 c - 3 potions of cancellation
 h - a potion of magic
 i - 3 potions of might {unknown}
 k - a potion of flight {unknown}
 l - a potion of attraction {unknown}
 r - 2 potions of curing {unknown}
 t - a potion of degeneration {unknown}
 x - a potion of lignification
 z - 2 potions of ambrosia {unknown}


   Skills:
 + Level 4.5 Fighting
 + Level 5.1 Dodging
 - Level 2.6 Stealth
 + Level 4.6 Spellcasting
 + Level 3.7 Conjurations
 + Level 1.9 Summonings
 - Level 3.0 Transmutations
 - Level 3.0 Fire Magic
 - Level 3.0 Air Magic
 * Level 9.0 Poison Magic


You couldn't memorise any spells.
You knew the following spells:

 Your Spells              Type           Power      Damage    Failure   Level
a - Sting                 Tmut/Pois      100%       1d8       1%          1
b - Poisonous Vapours     Pois/Air       90%        N/A       1%          2
c - Ignite Poison         Fire/Tmut/Pois 38%        N/A       4%          3
d - Mephitic Cloud        Conj/Pois/Air  40%        N/A       3%          3
e - Olgreb's Toxic Radia  Pois           59%        N/A       2%          4
f - Summon Lightning Spi  Summ/Air       15%        N/A       38%         4

Your spell library contained the following spells:

 Spells                   Type           Power      Damage    Failure   Level
 Summon Small Mammal      Summ           52%        N/A       4%          1
 Call Imp                 Summ           13%        N/A       8%          2
 Call Canine Familiar     Summ           13%        N/A       16%         3
 Summon Guardian Golem    Hex/Summ       9%         N/A       22%         3
 Summon Ice Beast         Ice/Summ       9%         N/A       58%         4


Dungeon Overview and Level Annotations

Branches:
Dungeon (7/15)             Temple (1/1) D:4

Altars:
Cheibriados
Gozag
Hepliaklqana
Kikubaaqudgha
Makhleb
Nemelex Xobeh
Qazlal
Ru
Sif Muna
Trog
Uskayaw
Vehumet
Wu Jian
Xom
Yredelemnul
Zin
The Shining One

Shops:
D:2 !


Innate Abilities, Weirdness & Mutations

You cannot wear most types of armour.
You are amphibious.
You can wear up to eight rings at the same time.
Your skin changes colour to match your surroundings (Stealth+).
Your rubbery body absorbs attacks. (AC +1, EV +1)
((You are camouflaged near water. (Stealth+)))
You have tentacles for arms and can constrict up to eight enemies at once.


Message History

Aiming: Mephitic Cloud (dangerous; 3% risk of failure)
Press: ? - help, Shift-Dir - straight line You feel a surge of power!
The ball explodes into a vile cloud!
The stinking cloud engulfs the ice beast but does no damage.
Unknown command.
Casting: Mephitic Cloud (dangerous; 3% risk of failure)
Confirm with . or Enter, or press ? or * to list all spells.
You feel a surge of power!
You ignite the poison in your surroundings!
The ice beast is engulfed in blazing flames.
Casting: Ignite Poison (dangerous; 4% risk of failure)
Confirm with . or Enter, or press ? or * to list all spells.
You don't have enough magic to cast this spell.
Unknown command.
An iguana comes into view.
The iguana moves out of view.
The ice beast hits you. The ice beast freezes you!
* * * LOW HITPOINT WARNING * * *
Casting: Ignite Poison (dangerous; 4% risk of failure)
Confirm with . or Enter, or press ? or * to list all spells.
Aiming: Sting (safe; 1% risk of failure)
Press: ? - help, Shift-Dir - straight line, f - ice beast
Aim: an ice beast (severely wounded, 78% to hit)
Okay, then.
Okay, then.
Okay, then.
Casting: Sting (safe; 1% risk of failure)
Confirm with . or Enter, or press ? or * to list all spells.
Aiming: Sting (safe; 1% risk of failure)
Press: ? - help, Shift-Dir - straight line, f - ice beast
Aim: an ice beast (severely wounded, 78% to hit)
You feel a surge of power!
The sting hits the ice beast but does no damage.
The ice beast is poisoned.
The ice beast is severely wounded.
The ice beast hits you.
* * * LOW HITPOINT WARNING * * *
The ice beast freezes you!
You die...
Your body crumbles into a pile of gold.

.#.#.# #.# #...# ...#.# ##+##
#...# .###.# ##...## #...# ##
#.#### ##.....## ##.## # #..#.##
##.......## ##..#
#####....####.........####...####
............'.........'..........
#####....####.........####...###.
#.#.## ###.Y@....## #...# #.
#.### #.o......## #.#.###. #.###
#.###...## #.#...#. #...# #.#
##'## #.###.#. #########.# #.#
#.<...>. #.T#.....o#
##.############.## ..#.#..#.#
#........######.# ###
#..##..###...............# #..
#..##..##.....##.......###


You could see an ice beast (poisoned) and an orc.

Vanquished Creatures
  3 water moccasins
  2 sky beasts
  2 ice beasts (D:5)
  2 ogres
  2 centaurs
  2 kobold brigands (D:6)
  2 wyvern zombies (D:7)
  A bullfrog (D:7)
  2 scorpions (D:5)
  A water moccasin skeleton (D:4)
  A killer bee (D:7)
  5 wights
  A bullfrog zombie (D:5)
  2 centaur zombies
  2 hounds
  A jelly (D:4)
  3 orc priests
  3 centaur skeletons (D:6)
  2 bullfrog skeletons
  4 iguanas
  3 orc wizards
  A scorpion zombie (D:5)
  Natasha (thrice) (D:3)
  2 hound skeletons
  7 gnolls
  7 adders
  A white imp (D:7)
  2 ufetubi
  2 worms
  3 dart slugs
  18 orcs
  7 ball pythons
  5 bats
  9 endoplasms
  A giant cockroach (D:1)
  A goblin (D:2)
  9 hobgoblins
  10 jackals
  A quokka (D:1)
  2 frilled lizards
  18 kobolds
  11 rats
166 creatures vanquished.

Vanquished Creatures (others)
  4 fungi (D:1)
4 creatures vanquished.

Grand Total: 170 creatures vanquished

Notes
Turn   | Place    | Note
-------+----------+-------------------------------------------
     0 | D:1      | Glokmah the Octopode Venom Mage began the quest for the
                  | Orb.
     0 | D:1      | Reached XP level 1. HP: 11/11 MP: 3/3
   183 | D:1      | Reached XP level 2. HP: 7/18 MP: 0/5
   491 | D:1      | Learned a level 2 spell: Poisonous Vapours
   562 | D:1      | Reached skill level 4 in Poison Magic
  1049 | D:1      | Reached XP level 3. HP: 22/22 MP: 4/6
  1282 | D:1      | Learned a level 3 spell: Ignite Poison
  2146 | D:2      | Reached skill level 1 in Fighting
  2146 | D:2      | Reached XP level 4. HP: 28/28 MP: 3/7
  2257 | D:2      | Found Xiyhaisch's Distillery.
  2555 | D:2      | Reached skill level 1 in Air Magic
  2897 | D:2      | Found a faded altar of an unknown god.
  3697 | D:3      | Noticed Natasha
  3701 | D:3      | Killed Natasha
  3702 | D:3      | Reached skill level 1 in Fire Magic
  3702 | D:3      | Reached XP level 5. HP: 33/33 MP: 3/8
  3917 | D:3      | Reached skill level 5 in Poison Magic
  3969 | D:3      | Noticed Natasha
  3984 | D:3      | Killed Natasha
  4001 | D:3      | Noticed Natasha
  4005 | D:3      | Killed Natasha
  4006 | D:3      | Reached XP level 6. HP: 39/39 MP: 0/9
  4023 | D:3      | Learned a level 3 spell: Mephitic Cloud
  4528 | D:3      | Found a snail-covered altar of Cheibriados.
  4865 | D:4      | Found a staircase to the Ecumenical Temple.
  4872 | Temple   | Entered the Ecumenical Temple
  5260 | D:4      | Found an ornate altar of the Wu Jian Council.
  5266 | D:4      | Noticed a spectral centipede
  5266 | D:4      | Noticed a spectral black mamba
  5266 | D:4      | Noticed a spectral cane toad
  5356 | D:4      | Identified the +6 whip of Sof Vups {chaos, Contam Str+6}
  5968 | D:4      | Reached XP level 7. HP: 45/45 MP: 0/11
  6324 | D:5      | Entered Level 5 of the Dungeon
  6786 | D:5      | Reached skill level 6 in Poison Magic
  6802 | D:5      | Found a sparkling altar of Nemelex Xobeh.
  6802 | D:5      | Found an opulent altar of Gozag.
  6808 | D:5      | Became a worshipper of Gozag Ym Sagoz the Greedy
  7059 | D:5      | Reached skill level 1 in Conjurations
  7252 | D:5      | Reached XP level 8. HP: 49/51 MP: 5/12
  7498 | D:5      | Found a glowing silver altar of Zin.
  8028 | D:5      | Reached skill level 7 in Poison Magic
  8780 | D:6      | Identified the +3 spear "Zanimy" {venom, rPois Will+
                  | Stlth+}
  8994 | D:6      | Reached XP level 9. HP: 58/58 MP: 3/15
  9059 | D:6      | Reached skill level 8 in Poison Magic
  9070 | D:6      | Learned a level 4 spell: Olgreb's Toxic Radiance
  9879 | D:6      | Found a burning altar of Makhleb.
 10482 | D:6      | Reached skill level 1 in Summonings
 11433 | D:6      | Learned a level 4 spell: Summon Lightning Spire
 11568 | D:7      | Reached skill level 5 in Dodging
 11593 | D:7      | Found a sacrificial altar of Ru.
 11667 | D:7      | Noticed a troll
 11700 | D:7      | Reached skill level 9 in Poison Magic
 11733 | D:7      | Slain by an ice beast

Illustrated notes

Levels and vault maps discovered:
D:1:      dpeg_arrival_prison, layout_basic
D:2:      layout_loops_ring, basic_ecumenical_altar, serial_shops,
          nicolae_shop_behind_doors, minmay_splitting_lines
D:3:      layout_rooms, old_standard_altar, st_stairs_14, uniq_natasha
D:4:      layout_cave_pools, pdpol_wu_jian_five_deadly_venoms,
          minmay_temple_entry_grid, kennysheep_generic_room_3
D:5:      cheibrodos_helix_gallery, layout_basic,
          grunt_temple_overflow_opulence, overflow_temple_1_default,
          skrybe_limestone_x
D:6:      layout_cave_pods, overflow_temple_1_default
D:7:      minmay_clustersquares, layout_loops_corners, marbit_many_paths,
          serial_glass, glass_columns_c, glass_columns_a, glass_columns_c,
          glass_columns_b, glass_columns_a, lightli_minifort
Temple:   eino_wide_crystal_templ

Skill      XL: |  1  2  3  4  5  6  7  8  9 |
---------------+----------------------------+-----
Poison Magic   | 4 5 6 7 9 |  9.0
Fighting       | 1 2 3 4 |  4.5
Air Magic      | 1 2 3 |  3.0
Fire Magic     | 1 2 3 |  3.0
Transmutations | 2 3 |  3.0
Dodging        | 3 4 5 |  5.1
Spellcasting   | 3 4 |  4.6
Conjurations   | 1 2 3 |  3.7
Summonings     | 1 |  1.9
Stealth        | |  2.6

Action                   |  1- 3 |  4- 6 |  7- 9 || total
-------------------------+-------+-------+-------++-------
Melee: Unarmed           |    20 |       |       ||    20
       Constrict         |     8 |    10 |    16 ||    34
       Tentacles         |     6 |     5 |    16 ||    27
       Dagger            |     6 |       |     3 ||     9
       Staff             |    10 |    42 |    82 ||   134
 Cast: Sting             |    34 |    54 |    25 ||   113
       Poisonous Vapours |    15 |    54 |    39 ||   108
       Mephitic Cloud    |       |     4 |    26 ||    30
       Ignite Poison     |       |     2 |    36 ||    38
       Olgreb's Toxic Ra |       |       |     4 ||     4
  Use: Scroll            |       |     8 |       ||     8
Armor: Skin              |     4 |     5 |    21 ||    30
Dodge: Dodged            |    31 |    41 |   131 ||   203

Table legend: (Time is in decaauts)
 A = Elapsed time spent in this place.
 B = Non-inter-level travel time spent in this place.
 C = Inter-level travel time spent in this place.
 D = Time resting spent in this place.
 E = Time spent auto-exploring this place.
 F = Levels seen in this place.
 G = Mean time per level.
                   A        B        C        D        E       F      G
               +--------+--------+--------+--------+--------+-----+--------+
         Total |  11771 |  11020 |    751 |   3554 |   5751 |   8 | 1471.4 |
       Dungeon |  11712 |  10975 |    737 |   3554 |   5710 |   7 | 1673.1 |
        Temple |     58 |     44 |     14 |      0 |     41 |   1 |   58.0 |
               +--------+--------+--------+--------+--------+-----+--------+

Top non-repeatable levels by time:
     D:6: 2531 daAuts
     D:1: 1965 daAuts
     D:5: 1879 daAuts
     D:3: 1754 daAuts
     D:2: 1468 daAuts
     D:4: 1181 daAuts
     D:7: 932 daAuts
  Temple: 58 daAuts
